[Event "FIDE CB Open 2022"]
[Site "Ceske Budejovice"]
[Date "2022.07.03"]
[Round "3.47"]
[White "Rucabado, Stefan"]
[Black "Svejda, Karel"]
[Result "1-0"]
[ECO "E90"]
[WhiteElo "1809"]
[BlackElo "1619"]
[Annotator "NA"]
[PlyCount "85"]
[EventDate "2022.07.01"]
[EventType "swiss"]
[EventCountry "CZE"]
[SourceTitle "playchess.com"]
[Source "ChessBase"]
[SourceQuality "1"]
[TimeControl "40/5400+30:1800+30"]

1. d4 Nf6 2. c4 g6 3. Nc3 Bg7 4. e4 d6 5. Nf3 O-O 6. h3 e5 7. d5 Nbd7 8. Be3 Nc5 9. Nd2 a5 10. g4 Nfd7 11. Be2 Bf6 12. Nf3 Bg7 13. Qc2 c6 14. O-O-O Nf6 15. Bxc5 dxc5 16. Nxe5 Nxd5 17. exd5 Qg5+ 18. Kb1 Qxe5 19. Rhe1 Re8 20. Qc1 Bd7 21. dxc6 Bxc6 22. Bf3 Qf6 23. Bxc6 bxc6 24. Ne4 Qf3 25. Re3 Qf4 26. Nxc5 Qxf2 27. Ne4 Qh4 28. Rde1 Reb8 29. R1e2 Rb6 30. c5 Rb4 31. a3 Rbb8 32. Qc4 Ra7 33. Nd6 Qf6 34. Qc2 Qf4 35. Re8+ Rxe8 36. Rxe8+ Bf8 37. Qc3 Qf1+ 38. Ka2 Qg2 39. Ne4 Rb7 40. Nf6+ Kg7 41. Nh5+ Kh6 42. Qe3+ g5 43. Re6+ 1-0

[Event "FIDE CB Open 2022"]
[Site "Ceske Budejovice"]
[Date "2022.07.03"]
[Round "3.48"]
[White "Steinbauer, Sebastian"]
[Black "Pisar, Tomas"]
[Result "1/2-1/2"]
[ECO "C55"]
[WhiteElo "1808"]
[BlackElo "1640"]
[Annotator "NA"]
[PlyCount "86"]
[EventDate "2022.07.01"]
[EventType "swiss"]
[EventCountry "CZE"]
[SourceTitle "playchess.com"]
[Source "ChessBase"]
[SourceQuality "1"]
[TimeControl "40/5400+30:1800+30"]

1. e4 e5 2. Nf3 Nc6 3. Bc4 Be7 4. d3 Nf6 5. Nc3 O-O 6. h3 d6 7. Be3 Na5 8. Bb3 Nxb3 9. axb3 a5 10. Qd2 b6 11. b4 Be6 12. bxa5 bxa5 13. d4 exd4 14. Nxd4 Qd7 15. Nxe6 fxe6 16. O-O Rfb8 17. b3 Qc6 18. f3 d5 19. exd5 exd5 20. Ne2 a4 21. Rfd1 axb3 22. Nd4 Qd7 23. Nxb3 c6 24. Bc5 Bxc5+ 25. Nxc5 Qd6 26. Qd4 Nd7 27. Nxd7 Qxd7 28. c4 Rxa1 29. Rxa1 Qe6 30. cxd5 Qxd5 31. Qxd5+ cxd5 32. Rd1 Rd8 33. Kf2 Kf7 34. Re1 Re8 35. Ra1 Kf6 36. Rd1 Rd8 37. f4 g5 38. Kf3 Kf5 39. g4+ Kf6 40. f5 h6 41. Re1 Rd6 42. Re8 Ra6 43. Rg8 Kf7 1/2-1/2

[Event "FIDE CB Open 2022"]
[Site "Ceske Budejovice"]
[Date "2022.07.03"]
[Round "3.49"]
[White "Huemer, Gerald"]
[Black "Pavlicek, Petr"]
[Result "0-1"]
[ECO "D02"]
[WhiteElo "1627"]
[BlackElo "1806"]
[Annotator "NA"]
[PlyCount "50"]
[EventDate "2022.07.01"]
[EventType "swiss"]
[EventCountry "CZE"]
[SourceTitle "playchess.com"]
[Source "ChessBase"]
[SourceQuality "1"]
[TimeControl "40/5400+30:1800+30"]

1. d4 d5 2. Bf4 Nf6 3. e3 e6 4. Nd2 c5 5. c3 Nc6 6. h3 Be7 7. Ngf3 O-O 8. Bd3 b6 9. Ne5 Bb7 10. Ndf3 Nxe5 11. Nxe5 Nd7 12. Qh5 f5 13. g4 Nf6 14. Qh4 Nxg4 15. Qg3 Bh4 16. Qg2 Nxf2 17. Rg1 Nxh3+ 18. Kd2 Nxg1 19. Rxg1 Bf6 20. Bh6 Qe7 21. Be2 Rac8 22. Nd3 Kh8 23. Bf4 Rg8 24. Rh1 g5 25. Be5 Rg7 0-1

[Event "FIDE CB Open 2022"]
[Site "Ceske Budejovice"]
[Date "2022.07.03"]
[Round "3.50"]
[White "Rosol, Philip"]
[Black "Jodas, Daniel"]
[Result "1-0"]
[ECO "E73"]
[WhiteElo "1741"]
[BlackElo "1614"]
[Annotator "NA"]
[PlyCount "63"]
[EventDate "2022.07.01"]
[EventType "swiss"]
[EventCountry "CZE"]
[SourceTitle "playchess.com"]
[Source "ChessBase"]
[SourceQuality "1"]
[TimeControl "40/5400+30:1800+30"]

1. d4 Nf6 2. c4 g6 3. Nc3 Bg7 4. e4 d6 5. Be2 O-O 6. Bg5 Nbd7 7. Qd2 c6 8. Nf3 e5 9. Rd1 exd4 10. Nxd4 Nc5 11. f3 Ne6 12. Nxe6 Bxe6 13. Qxd6 Qb6 14. Qd2 Rfd8 15. Qc1 Rxd1+ 16. Nxd1 Ne8 17. b3 Bf8 18. Bd2 Rd8 19. Nc3 Bb4 20. a3 Bc5 21. b4 Bf2+ 22. Kf1 Qd4 23. c5 Qxd2 24. Kxf2 Bb3 25. Qxd2 Rxd2 26. Rc1 Nc7 27. Ke3 Rd8 28. Rb1 Be6 29. Rd1 Rxd1 30. Bxd1 Kf8 31. Kf4 Ke7 32. Kg5 1-0

[Event "FIDE CB Open 2022"]
[Site "Ceske Budejovice"]
[Date "2022.07.03"]
[Round "3.51"]
[White "Almaini, Aishah Sarhan"]
[Black "Schmied, Eva-Maria"]
[Result "1/2-1/2"]
[ECO "D40"]
[WhiteElo "1615"]
[BlackElo "1718"]
[Annotator "NA"]
[PlyCount "54"]
[EventDate "2022.07.01"]
[EventType "swiss"]
[EventCountry "CZE"]
[SourceTitle "playchess.com"]
[Source "ChessBase"]
[SourceQuality "1"]
[TimeControl "40/5400+30:1800+30"]

1. d4 d5 2. c4 c6 3. Nc3 Nf6 4. e3 e6 5. Bd3 dxc4 6. Bxc4 b5 7. Bd3 Bb7 8. a3 a6 9. Nf3 c5 10. dxc5 Bxc5 11. b4 Bb6 12. Bb2 Nbd7 13. O-O Bc7 14. Ne2 Ng4 15. Ng3 h5 16. Bxg7 Rg8 17. Nxh5 Nxh2 18. Nxh2 Qh4 19. g3 Qh3 20. e4 O-O-O 21. Qg4 Qxg4 22. Nxg4 Rxg7 23. Nxg7 Rg8 24. Nxe6 fxe6 25. Ne3 Ne5 26. Bc2 Nf3+ 27. Kg2 Nd2 1/2-1/2

[Event "FIDE CB Open 2022"]
[Site "Ceske Budejovice"]
[Date "2022.07.03"]
[Round "3.52"]
[White "Nagyova, Daniela"]
[Black "Smola, David"]
[Result "1-0"]
[ECO "C52"]
[WhiteElo "1712"]
[BlackElo "1609"]
[Annotator "NA"]
[PlyCount "75"]
[EventDate "2022.07.01"]
[EventType "swiss"]
[EventCountry "CZE"]
[SourceTitle "playchess.com"]
[Source "ChessBase"]
[SourceQuality "1"]
[TimeControl "40/5400+30:1800+30"]

1. e4 e5 2. Nf3 Nc6 3. Bc4 Bc5 4. b4 Bxb4 5. c3 Bc5 6. O-O d6 7. d4 Bb6 8. dxe5 dxe5 9. Qb3 Qe7 10. Ba3 Na5 11. Bxe7 Nxb3 12. axb3 Nxe7 13. Nxe5 f6 14. Nf3 Bg4 15. Nd4 Ng6 16. f3 Bd7 17. f4 O-O-O 18. Kh1 Rhe8 19. Nd2 Re7 20. Ra2 Kb8 21. b4 Bc8 22. f5 Nf8 23. N4f3 Nd7 24. Bb3 Ne5 25. Nxe5 Rxe5 26. Rf3 Bd7 27. Rd3 Kc8 28. Ra1 Bc6 29. Be6+ Bd7 30. Bd5 Bc6 31. Nc4 Re7 32. Be6+ Bd7 33. Rad1 g6 34. g4 h5 35. Bxd7+ Rexd7 36. Rxd7 Rxd7 37. Rxd7 Kxd7 38. fxg6 1-0

[Event "FIDE CB Open 2022"]
[Site "Ceske Budejovice"]
[Date "2022.07.03"]
[Round "3.53"]
[White "Rybackova, Lucie"]
[Black "Kukacka, Ladislav"]
[Result "1/2-1/2"]
[ECO "E77"]
[WhiteElo "1696"]
[BlackElo "1555"]
[Annotator "NA RC"]
[PlyCount "108"]
[EventDate "2022.07.01"]
[EventType "swiss"]
[EventCountry "CZE"]
[SourceTitle "playchess.com"]
[Source "ChessBase"]
[SourceQuality "1"]
[TimeControl "40/5400+30:1800+30"]

1. d4 d6 2. c4 Nf6 3. Nc3 g6 4. e4 Bg7 5. f4 c5 6. d5 O-O 7. Nf3 e6 8. Be2 a6 9. a4 Qc7 10. O-O Nbd7 11. h3 b6 12. Be3 Bb7 13. Qc2 Rae8 14. a5 exd5 15. cxd5 Nxd5 16. Nxd5 Bxd5 17. exd5 Rxe3 18. axb6 Qxb6 19. Bxa6 c4 20. Rf2 Rxf3 21. gxf3 Bd4 22. Kg2 Bxf2 23. Qxf2 Qxf2+ 24. Kxf2 Ra8 25. Ra3 Nb6 26. Bb7 Ra4 27. Bc6 Rb4 28. Ra2 Rb3 29. Ke2 Kg7 30. Kf2 Kf6 31. Kg3 Kf5 32. Ra7 f6 33. Rxh7 Rxb2 34. Bd7+ Nxd7 35. Rxd7 c3 36. Rxd6 c2 37. Rc6 g5 38. fxg5 fxg5 39. Rc5 Ke5 40. Kg4 Kd6 41. Rc8 Kxd5 42. Kxg5 Kd4 43. Kg4 Kd3 44. Rd8+ Kc3 45. Rc8+ Kd2 46. Rd8+ Kc1 47. f4 Kb1 48. Rc8 c1=Q 49. Rxc1+ Kxc1 50. f5 Rg2+ 51. Kh5 Rg8 52. f6 Rh8+ 53. Kg6 Rxh3 54. f7 Rf3 1/2-1/2

[Event "FIDE CB Open 2022"]
[Site "Ceske Budejovice"]
[Date "2022.07.03"]
[Round "3.54"]
[White "Simajchl, Adam"]
[Black "Zednicek, Filip"]
[Result "0-1"]
[ECO "D34"]
[WhiteElo "1610"]
[BlackElo "1688"]
[Annotator "NA"]
[PlyCount "55"]
[EventDate "2022.07.01"]
[EventType "swiss"]
[EventCountry "CZE"]
[SourceTitle "playchess.com"]
[Source "ChessBase"]
[SourceQuality "1"]
[TimeControl "40/5400+30:1800+30"]

1. d4 d5 2. c4 e6 3. cxd5 exd5 4. Nc3 Nf6 5. Nf3 c5 6. Bg5 cxd4 7. Nxd4 Be7 8. e3 O-O 9. g3 Nc6 10. Bg2 Be6 11. O-O h6 12. Bxf6 Bxf6 13. Nce2 Re8 14. Qd2 Qd7 15. Rfd1 Rad8 16. Nb3 Ne5 17. Nbd4 Nc4 18. Qc2 Rc8 19. Nc3 Bg4 20. Nde2 d4 21. Rd3 Qf5 22. exd4 Bxe2 23. Nxe2 Ne5 24. Qxc8 Rxc8 25. Re3 Nc4 26. Rf3 Qc2 27. Nf4 Bxd4 28. Rf1 0-1

[Event "FIDE CB Open 2022"]
[Site "Ceske Budejovice"]
[Date "2022.07.03"]
[Round "3.55"]
[White "Jilek, Marcel"]
[Black "Rybacek, Martin"]
[Result "1/2-1/2"]
[ECO "E16"]
[WhiteElo "1565"]
[BlackElo "1650"]
[Annotator "NA"]
[PlyCount "65"]
[EventDate "2022.07.01"]
[EventType "swiss"]
[EventCountry "CZE"]
[SourceTitle "playchess.com"]
[Source "ChessBase"]
[SourceQuality "1"]
[TimeControl "40/5400+30:1800+30"]

1. d4 Nf6 2. c4 e6 3. Nf3 Bb4+ 4. Bd2 Bxd2+ 5. Nbxd2 O-O 6. g3 b6 7. Bg2 Bb7 8. O-O d6 9. Qc2 Nbd7 10. b3 c5 11. dxc5 Nxc5 12. Rad1 Qe7 13. Nb1 Rfd8 14. Nc3 Rac8 15. Qb1 Nce4 16. Nxe4 Bxe4 17. Qb2 d5 18. Nd2 Bxg2 19. Kxg2 d4 20. Nf3 e5 21. Rfe1 Nd7 22. e3 dxe3 23. Rxe3 f6 24. Ree1 Nc5 25. Rxd8+ Rxd8 26. Qe2 Qd6 27. Kg1 Qd3 28. h4 e4 29. Nh2 Qxe2 30. Rxe2 f5 31. Nf1 Kf7 32. Ne3 g6 33. Nd5 1/2-1/2

[Event "FIDE CB Open 2022"]
[Site "Ceske Budejovice"]
[Date "2022.07.04"]
[Round "4.1"]
[White "Librelato, Kathie Goulart"]
[Black "Roshka, Yevgeniy"]
[Result "1/2-1/2"]
[ECO "C01"]
[WhiteElo "2255"]
[BlackElo "2497"]
[Annotator "RC"]
[PlyCount "70"]
[EventDate "2022.07.01"]
[EventType "swiss"]
[EventCountry "CZE"]
[SourceTitle "playchess.com"]
[Source "ChessBase"]
[SourceQuality "1"]
[TimeControl "40/5400+30:1800+30"]

1. e4 e6 2. d4 d5 3. Bd3 dxe4 4. Bxe4 Nf6 5. Bf3 c5 6. Ne2 Nc6 7. Be3 cxd4 8. Nxd4 Ne5 9. Qe2 Nxf3+ 10. Nxf3 Qa5+ 11. Nbd2 b6 12. O-O Bb7 13. Nc4 Ba6 14. Rfe1 Qb5 15. b3 Be7 16. a4 Qh5 17. Nd6+ Bxd6 18. Qxa6 O-O 19. a5 Bb4 20. axb6 Bxe1 21. Nxe1 Ng4 22. b7 Qxh2+ 23. Kf1 Nxe3+ 24. fxe3 Rad8 25. Nd3 Qc7 26. Ra4 Qxc2 27. Rd4 e5 28. Rxd8 Rxd8 29. Qd6 Qd1+ 30. Kf2 Qd2+ 31. Kf1 Qd1+ 32. Kf2 Qd2+ 33. Kf1 Qd1+ 34. Kf2 Qd2+ 35. Kf1 Qd1+ 1/2-1/2

[Event "FIDE CB Open 2022"]
[Site "Ceske Budejovice"]
[Date "2022.07.04"]
[Round "4.2"]
[White "Domalchuk-Jonasson, Aleksandr"]
[Black "Heimisson, Hilmir Freyr"]
[Result "1/2-1/2"]
[ECO "E05"]
[WhiteElo "2244"]
[BlackElo "2281"]
[Annotator "RC"]
[PlyCount "166"]
[EventDate "2022.07.01"]
[EventType "swiss"]
[EventCountry "CZE"]
[SourceTitle "playchess.com"]
[Source "ChessBase"]
[SourceQuality "1"]
[TimeControl "40/5400+30:1800+30"]

1. d4 Nf6 2. c4 e6 3. Nf3 d5 4. g3 Be7 5. Bg2 O-O 6. O-O dxc4 7. Qc2 a6 8. a4 Bd7 9. Rd1 Bc6 10. Nc3 Bxf3 11. Bxf3 Nc6 12. Bxc6 bxc6 13. Bg5 Rb8 14. Rac1 h6 15. Bxf6 Bxf6 16. e3 Be7 17. Ne4 Qd5 18. Nd2 Rb4 19. Nxc4 Rfb8 20. Ne5 Rxb2 21. Qxc6 Bd6 22. Qxd5 exd5 23. Nd7 Rd8 24. Nc5 a5 25. Na6 Rc8 26. Rc6 Rb6 27. Rdc1 Rxc6 28. Rxc6 Kf8 29. Nc5 Ke7 30. Nb7 Ra8 31. Nxd6 Kd7 32. Rc5 Kxd6 33. Rb5 Ra7 34. g4 c6 35. Rb8 Rc7 36. Ra8 c5 37. Ra6+ Rc6 38. dxc5+ Kxc5 39. Rxa5+ Kd6 40. Ra8 Rc4 41. h3 Ke7 42. Rg8 g6 43. a5 d4 44. a6 Ra4 45. exd4 Rxa6 46. Rh8 Rd6 47. Rxh6 Rxd4 48. Rh8 Kf6 49. Kg2 Rd3 50. h4 Ra3 51. f3 Rb3 52. Kg3 Ra3 53. Rg8 Ra1 54. Rb8 Ra4 55. Re8 Ra1 56. Re4 Rg1+ 57. Kf4 Rh1 58. g5+ Kg7 59. Ke5 Rh2 60. Rg4 Re2+ 61. Kf4 Rh2 62. Kg3 Ra2 63. Rb4 Ra1 64. f4 Rg1+ 65. Kh2 Ra1 66. Rb3 Rf1 67. Rb4 Rf3 68. Kg2 Ra3 69. Rb2 Rc3 70. Rf2 Rc5 71. Kg3 Rc3+ 72. Rf3 Rc5 73. Kg4 Rc4 74. h5 gxh5+ 75. Kxh5 Rc1 76. Kg4 f6 77. Ra3 Rg1+ 78. Kf5 fxg5 79. Ra7+ Kh6 80. Ra6+ Kg7 81. Rg6+ Kf7 82. Rxg5 Rxg5+ 83. Kxg5 Kg7 1/2-1/2

[Event "FIDE CB Open 2022"]
[Site "Ceske Budejovice"]
[Date "2022.07.04"]
[Round "4.3"]
[White "Mai, Alexander Oliver"]
[Black "Velicka, Petr"]
[Result "1/2-1/2"]
[ECO "B19"]
[WhiteElo "2159"]
[BlackElo "2384"]
[Annotator "RC"]
[PlyCount "76"]
[EventDate "2022.07.01"]
[EventType "swiss"]
[EventCountry "CZE"]
[SourceTitle "playchess.com"]
[Source "ChessBase"]
[SourceQuality "1"]
[TimeControl "40/5400+30:1800+30"]

1. e4 c6 2. d4 d5 3. Nd2 dxe4 4. Nxe4 Bf5 5. Ng3 Bg6 6. h4 h6 7. Nf3 e6 8. Ne5 Bh7 9. Bd3 Bxd3 10. Qxd3 Nd7 11. f4 Bb4+ 12. c3 Be7 13. Bd2 Ngf6 14. O-O-O c5 15. Nxd7 Qxd7 16. Be3 cxd4 17. Bxd4 O-O 18. Bxf6 Qxd3 19. Rxd3 Bxf6 20. Ne4 Rfd8 21. Nxf6+ gxf6 22. Rhd1 Rxd3 23. Rxd3 f5 24. Rd7 b5 25. Kc2 Kf8 26. Kb3 Ke8 27. Rd2 Rd8 28. Re2 Kd7 29. Re3 Rg8 30. g3 Kc6 31. c4 Rd8 32. cxb5+ Kxb5 33. a4+ Kb6 34. Ka3 a5 35. Rb3+ Ka6 36. Rc3 Kb6 37. Rb3+ Ka6 38. Rc3 Kb6 1/2-1/2

[Event "FIDE CB Open 2022"]
[Site "Ceske Budejovice"]
[Date "2022.07.04"]
[Round "4.4"]
[White "Neuman, Petr"]
[Black "Abdulla, Khayala"]
[Result "1-0"]
[ECO "D36"]
[WhiteElo "2378"]
[BlackElo "2207"]
[Annotator "RC"]
[PlyCount "79"]
[EventDate "2022.07.01"]
[EventType "swiss"]
[EventCountry "CZE"]
[SourceTitle "playchess.com"]
[Source "ChessBase"]
[SourceQuality "1"]
[TimeControl "40/5400+30:1800+30"]

1. c4 e6 2. Nc3 d5 3. d4 Nf6 4. cxd5 exd5 5. Bg5 Be7 6. e3 c6 7. Qc2 Nbd7 8. Bd3 Nf8 9. Nge2 Ne6 10. Bh4 g6 11. O-O O-O 12. Rab1 a5 13. f3 Re8 14. Rbd1 b5 15. Bf2 Bd7 16. Kh1 Rc8 17. e4 dxe4 18. fxe4 Ng4 19. Bg1 Bg5 20. Rf3 Bh6 21. e5 c5 22. dxc5 Nxe5 23. Bxb5 Nxc5 24. Bxc5 Rxc5 25. Bxd7 Nxd7 26. Rfd3 Rh5 27. h3 Qa8 28. Nd5 Kf8 29. Qc3 Ne5 30. Rd4 Qc6 31. Ng3 Rg5 32. Ne4 Rf5 33. Qa3+ Kg7 34. Nd6 Rf2 35. Nxe8+ Qxe8 36. Re4 f6 37. Qxa5 Rxb2 38. Nxf6 Kxf6 39. Rf1+ Kg7 40. Rxe5 1-0

[Event "FIDE CB Open 2022"]
[Site "Ceske Budejovice"]
[Date "2022.07.04"]
[Round "4.5"]
[White "Mostbauer, Florian"]
[Black "Cuhra, Martin"]
[Result "1/2-1/2"]
[ECO "B00"]
[WhiteElo "2303"]
[BlackElo "2225"]
[Annotator "RC"]
[PlyCount "77"]
[EventDate "2022.07.01"]
[EventType "swiss"]
[EventCountry "CZE"]
[SourceTitle "playchess.com"]
[Source "ChessBase"]
[SourceQuality "1"]
[TimeControl "40/5400+30:1800+30"]

1. d4 Nf6 2. Nf3 c5 3. c3 e6 4. Bg5 Be7 5. Nbd2 b6 6. e4 Bb7 7. Bd3 d5 8. e5 Ne4 9. Bxe7 Qxe7 10. O-O O-O 11. Re1 Nxd2 12. Qxd2 Nc6 13. Qf4 cxd4 14. cxd4 Nb4 15. Bb1 Rac8 16. Qd2 Rc7 17. a3 Nc6 18. Qd3 g6 19. Qe3 f5 20. exf6 Qxf6 21. Bd3 Re7 22. Rac1 Qf4 23. b4 Qxe3 24. fxe3 Nd8 25. Ne5 Nf7 26. Nxf7 Rfxf7 27. Rc2 e5 28. Rf1 exd4 29. exd4 Rxf1+ 30. Bxf1 Kf8 31. Kf2 Rf7+ 32. Ke1 Ke7 33. Rc7+ Ke6 34. Rxf7 Kxf7 35. Kf2 Kf6 36. Bd3 h6 37. Kf3 Bc8 38. g3 g5 39. h4 1/2-1/2

[Event "FIDE CB Open 2022"]
[Site "Ceske Budejovice"]
[Date "2022.07.04"]
[Round "4.6"]
[White "Toman, Ondrej"]
[Black "Panjer, Sidney"]
[Result "1-0"]
[WhiteElo "2276"]
[BlackElo "2140"]
[Annotator "TA"]
[PlyCount "33"]
[EventDate "2022.07.01"]
[EventType "swiss"]
[EventCountry "CZE"]
[SourceTitle "playchess.com"]
[Source "ChessBase"]
[SourceQuality "1"]
[TimeControl "40/5400+30:1800+30"]

1. d4 d5 2. c4 e6 3. Nc3 Nf6 4. cxd5 exd5 5. Bg5 Be7 6. e3 c6 7. Bd3 Nbd7 8. Qc2 Nh5 {[%emt 0:00:30] is more profitable than 8...0-0 at the moment.} 9. Bxe7 {[%emt 0:00:30] D36: Queen's Gambit Declined: Exchange Variation: Main line (5 Bg5 c6 6 Qc2).} Qxe7 10. h3 {[%emt 0:57:48][%mdl 32768] [#] Loss on time!?} {Predecessor:} g6 $146 11. O-O-O Nb6 12. Re1 Be6 13. g4 Ng7 14. f4 O-O-O 15. Nf3 Ne8 16. Na4 Nxa4 17. Qxa4 {1-0 (50) Kasyan,A (2318)-Hansen,A (2189) Kemer 2007} 1-0

[Event "FIDE CB Open 2022"]
[Site "Ceske Budejovice"]
[Date "2022.07.04"]
[Round "4.7"]
[White "Pirola, Claudionor Alcides L"]
[Black "Hrbek, Stepan"]
[Result "0-1"]
[ECO "C28"]
[WhiteElo "2100"]
[BlackElo "2272"]
[Annotator "RC"]
[PlyCount "52"]
[EventDate "2022.07.01"]
[EventType "swiss"]
[EventCountry "CZE"]
[SourceTitle "playchess.com"]
[Source "ChessBase"]
[SourceQuality "1"]
[TimeControl "40/5400+30:1800+30"]

1. e4 e5 2. Bc4 Nf6 3. d3 Nc6 4. Nc3 Na5 5. Nge2 c6 6. O-O b5 7. Bb3 Be7 8. Ng3 Nxb3 9. axb3 d5 10. exd5 b4 11. Na4 Nxd5 12. Re1 O-O 13. Rxe5 Bd6 14. Re1 f5 15. c4 bxc3 16. bxc3 f4 17. Ne4 f3 18. Nxd6 Qxd6 19. Ba3 Qg6 20. g3 Rf6 21. Re5 Nf4 22. Be7 Ne2+ 23. Kf1 Bh3+ 24. Ke1 Re6 25. Re3 Rxe3 26. fxe3 Qf7 0-1

[Event "FIDE CB Open 2022"]
[Site "Ceske Budejovice"]
[Date "2022.07.04"]
[Round "4.8"]
[White "Kratochvil, Vit"]
[Black "Zeman, Matyas"]
[Result "0-1"]
[ECO "C01"]
[WhiteElo "2237"]
[BlackElo "2262"]
[Annotator "RC"]
[PlyCount "106"]
[EventDate "2022.07.01"]
[EventType "swiss"]
[EventCountry "CZE"]
[SourceTitle "playchess.com"]
[Source "ChessBase"]
[SourceQuality "1"]
[TimeControl "40/5400+30:1800+30"]

1. e4 e6 2. Nc3 d5 3. exd5 exd5 4. d4 Nf6 5. Bd3 Nc6 6. Nge2 Nb4 7. Bb5+ c6 8. Ba4 Bd6 9. Bg5 O-O 10. Ng3 h6 11. Bxf6 Qxf6 12. O-O a5 13. a3 Na6 14. Nce2 b5 15. Bb3 a4 16. Ba2 Nc7 17. c3 Bd7 18. Qd2 Rae8 19. Rae1 Ne6 20. Bb1 Nf4 21. Nxf4 Bxf4 22. Qd1 g6 23. Rxe8 Rxe8 24. Re1 Rxe1+ 25. Qxe1 h5 26. Nf1 Kg7 27. Ne3 h4 28. Bd3 Qg5 29. g3 Bd6 30. Qd2 Kf8 31. Kf1 hxg3 32. hxg3 f5 33. Nc4 Qxd2 34. Nxd2 Kg7 35. Kg2 g5 36. Nf3 Kf6 37. Ne1 f4 38. Nc2 fxg3 39. fxg3 Bf5 40. Ne1 Bxd3 41. Nxd3 Kf5 42. Nf2 g4 43. Nd3 Ke4 44. Nf2+ Ke3 45. Nxg4+ Kd2 46. Kf2 Kc2 47. Ne5 Kxb2 48. Nxc6 Kxa3 49. Na7 Kb3 50. Nxb5 a3 51. Nxa3 Bxa3 52. Ke3 Kxc3 53. g4 Bc1+ 0-1

[Event "FIDE CB Open 2022"]
[Site "Ceske Budejovice"]
[Date "2022.07.04"]
[Round "4.9"]
[White "Simecek, Bohumil"]
[Black "Simek, Petr"]
[Result "1/2-1/2"]
[ECO "D02"]
[WhiteElo "2059"]
[BlackElo "2348"]
[Annotator "RC"]
[PlyCount "94"]
[EventDate "2022.07.01"]
[EventType "swiss"]
[EventCountry "CZE"]
[SourceTitle "playchess.com"]
[Source "ChessBase"]
[SourceQuality "1"]
[TimeControl "40/5400+30:1800+30"]

1. d4 Nf6 2. Nf3 d5 3. Bf4 c5 4. e3 Nc6 5. c3 Nh5 6. Bg3 Nxg3 7. hxg3 Qb6 8. Qb3 e6 9. Nbd2 Bd7 10. Be2 Be7 11. Qxb6 axb6 12. a3 O-O-O 13. Bd3 h5 14. O-O-O Bf6 15. Kb1 Kb8 16. Bc2 g6 17. Nb3 Be7 18. Nbd2 g5 19. Rh2 g4 20. Ne5 Nxe5 21. dxe5 Rdg8 22. Ne4 Bb5 23. Nd6 Bxd6 24. exd6 Bc6 25. Rdh1 Rg5 26. f4 gxf3 27. gxf3 Rxg3 28. Rxh5 Rd8 29. Rh8 Kc8 30. e4 Rxf3 31. e5 Re3 32. R1h5 Rxh8 33. Rxh8+ Kd7 34. Rh5 Bb5 35. Kc1 Re1+ 36. Kd2 Re2+ 37. Kd1 Rf2 38. Rg5 d4 39. cxd4 cxd4 40. a4 Bc6 41. b4 b5 42. a5 Bd5 43. Rg7 Bc4 44. Bg6 Rf1+ 45. Kd2 Rf2+ 46. Kd1 Rf1+ 47. Kd2 Rf2+ 1/2-1/2

[Event "FIDE CB Open 2022"]
[Site "Ceske Budejovice"]
[Date "2022.07.04"]
[Round "4.10"]
[White "Maryasin, Boris"]
[Black "Vltavsky, Vladimir"]
[Result "1-0"]
[ECO "C91"]
[WhiteElo "2260"]
[BlackElo "2106"]
[Annotator "RC"]
[PlyCount "93"]
[EventDate "2022.07.01"]
[EventType "swiss"]
[EventCountry "CZE"]
[SourceTitle "playchess.com"]
[Source "ChessBase"]
[SourceQuality "1"]
[TimeControl "40/5400+30:1800+30"]

1. e4 e5 2. Nf3 Nc6 3. Bb5 a6 4. Ba4 Nf6 5. O-O Be7 6. Re1 b5 7. Bb3 d6 8. c3 O-O 9. d4 Bg4 10. d5 Na5 11. Bc2 c6 12. h3 Bxf3 13. Qxf3 cxd5 14. exd5 Nc4 15. Nd2 Nb6 16. Nf1 Ne8 17. g4 g6 18. Bh6 Ng7 19. Ng3 Bg5 20. Bxg5 Qxg5 21. Ne4 Qe7 22. Nf6+ Kh8 23. a4 Nd7 24. Nxd7 Qxd7 25. axb5 axb5 26. Qf6 Kg8 27. Bd3 Ne8 28. Qf3 Nc7 29. b4 f5 30. Rxa8 Nxa8 31. gxf5 gxf5 32. Kh2 Kh8 33. Rg1 Nc7 34. Rg5 Qe7 35. Rxf5 Rxf5 36. Qxf5 Nxd5 37. Bxb5 Nf4 38. Bc6 Kg7 39. c4 Qa7 40. Qd7+ Qxd7 41. Bxd7 Kf7 42. Bf5 h6 43. b5 Ke7 44. b6 Kd8 45. Kg3 Ne2+ 46. Kg4 Nd4 47. Be4 1-0

[Event "FIDE CB Open 2022"]
[Site "Ceske Budejovice"]
[Date "2022.07.04"]
[Round "4.11"]
[White "Palchuk, Andrii"]
[Black "Sykora, Ondrej"]
[Result "1/2-1/2"]
[ECO "D43"]
[WhiteElo "2248"]
[BlackElo "2099"]
[Annotator "RC"]
[PlyCount "49"]
[EventDate "2022.07.01"]
[EventType "swiss"]
[EventCountry "CZE"]
[SourceTitle "playchess.com"]
[Source "ChessBase"]
[SourceQuality "1"]
[TimeControl "40/5400+30:1800+30"]

1. d4 d5 2. Nf3 Nf6 3. c4 c6 4. Qb3 e6 5. Bg5 Nbd7 6. Nc3 Qa5 7. Bd2 Qb6 8. Qc2 Be7 9. e3 O-O 10. Rc1 h6 11. Be2 dxc4 12. Bxc4 Bd6 13. O-O e5 14. Bb3 Re8 15. Kh1 exd4 16. Nxd4 Nf8 17. f4 Ne6 18. Nf5 Bf8 19. Rf3 Qc7 20. Ne2 Rd8 21. Bc3 Ne8 22. Rg3 g6 23. Nh4 N6g7 24. Rxg6 Qe7 25. Rxh6 1/2-1/2

[Event "FIDE CB Open 2022"]
[Site "Ceske Budejovice"]
[Date "2022.07.04"]
[Round "4.13"]
[White "Matras, Ondrej"]
[Black "Sudrich, Radek"]
[Result "1-0"]
[ECO "D61"]
[WhiteElo "2229"]
[BlackElo "2049"]
[Annotator "RC"]
[PlyCount "49"]
[EventDate "2022.07.01"]
[EventType "swiss"]
[EventCountry "CZE"]
[SourceTitle "playchess.com"]
[Source "ChessBase"]
[SourceQuality "1"]
[TimeControl "40/5400+30:1800+30"]

1. d4 d5 2. c4 e6 3. Nc3 Nf6 4. Nf3 c6 5. Bg5 Nbd7 6. e3 Be7 7. Qc2 O-O 8. Rd1 h6 9. Bh4 Re8 10. Bd3 dxc4 11. Bxc4 b5 12. Bd3 Bb7 13. O-O a6 14. Qe2 Qb6 15. e4 Rad8 16. e5 Nh7 17. Bxe7 Rxe7 18. Ne4 f5 19. exf6 Nhxf6 20. Nc5 Rf8 21. Nh4 Nxc5 22. dxc5 Qxc5 23. Ng6 Rfe8 24. Nxe7+ Qxe7 25. Bg6 1-0

[Event "FIDE CB Open 2022"]
[Site "Ceske Budejovice"]
[Date "2022.07.04"]
[Round "4.14"]
[White "Kovalskyi, Roman"]
[Black "Kula, Dominik"]
[Result "0-1"]
[ECO "B90"]
[WhiteElo "2056"]
[BlackElo "2229"]
[Annotator "RC"]
[PlyCount "90"]
[EventDate "2022.07.01"]
[EventType "swiss"]
[EventCountry "CZE"]
[SourceTitle "playchess.com"]
[Source "ChessBase"]
[SourceQuality "1"]
[TimeControl "40/5400+30:1800+30"]

1. e4 c5 2. Nf3 d6 3. d4 cxd4 4. Nxd4 Nf6 5. Nc3 a6 6. Be3 e5 7. Nb3 Be6 8. f3 h5 9. a4 Nbd7 10. Qd2 Be7 11. Be2 Nb6 12. a5 Nc4 13. Bxc4 Bxc4 14. Bb6 Qd7 15. O-O-O Rc8 16. Kb1 Qc6 17. Rhe1 Nd7 18. Nd5 Bxd5 19. exd5 Qb5 20. Bf2 Rc4 21. Qd3 O-O 22. Re4 Rfc8 23. Rxc4 Qxc4 24. Qf5 Rc7 25. Bb6 g6 26. Qd3 Rc8 27. Qxc4 Rxc4 28. c3 f5 29. Kc2 Ra4 30. Bc7 Kf7 31. Nd2 Rh4 32. h3 g5 33. Rf1 Kg6 34. b3 g4 35. Bb6 gxf3 36. Nxf3 Re4 37. Nd2 Nxb6 38. axb6 Re2 39. Kd3 Rxg2 40. c4 e4+ 41. Nxe4 fxe4+ 42. Kxe4 Rg3 43. b4 Rb3 44. Rg1+ Kf7 45. Rf1+ Bf6 0-1